 Dungeon Crawl Stone Soup version 0.29.0-4-gdea44cf6ec (webtiles) character file.

Game seed: 14390771428897323424

108 qw the Chopper (level 4, -4/26 HPs)
             Began as a Tengu Warper on Aug 28, 2022.
             Was an Initiate of Okawaru.
             Killed by nerve-wracking pain
             ... invoked by an orc priest
              (6 damage)
             ... on level 3 of the Dungeon.
             The game lasted 00:00:15 (2592 turns).

qw the Chopper (Tengu Warper)                       Turns: 2592, Time: 00:00:16

Health: -4/26      AC:  3    Str: 13    XL:     4   Next: 87%
Magic:  8/8        EV: 12    Int: 14    God:    Okawaru [......]
Gold:   196        SH:  0    Dex: 13    Spells: 7/7 levels left

rFire   . . .      SeeInvis .   Y - +1 war axe
rCold   . . .      Faith    .   (no shield)
rNeg    . . .      Spirit   .   b - +0 leather armour
rPois   .          Reflect  .   (helmet restricted)
rElec   .          Harm     .   (no cloak)
rCorr   .          Rampage  .   (no gloves)
Will    .....                   (boots unavailable)
Stlth   +.........              (no amulet)
HPRegen 0.08/turn               (no ring)
MPRegen 0.11/turn               (no ring)

@: no status effects
A: beak, talons 3
a: Renounce Religion


You were on level 3 of the Dungeon.
You worshipped Okawaru.
Okawaru was noncommittal.
You visited 1 branch of the dungeon, and saw 3 of its levels.

You collected 196 gold pieces.


Innate Abilities, Weirdness & Mutations

You have a beak for a mouth.
You have claws for feet.


   Skills:
 - Level 2.0 Fighting
 + Level 5.4 Axes
 - Level 1.0 Throwing
 - Level 1.1 Armour
 - Level 2.1 Dodging
 - Level 2.0 Spellcasting
 - Level 2.4 Translocations


You had 7 spell levels left.
You didn't know any spells.
Your spell library contained the following spells:

 Spells                   Type           Power      Damage    Failure   Level
 Blink                    Tloc           16%        N/A       17%         2
 Gell's Gravitas          Tloc           8%         N/A       34%         3
 Lesser Beckoning         Tloc           8%         N/A       34%         3
 Teleport Other           Tloc           8%         N/A       34%         3
 Manifold Assault         Tloc           8%         N/A       97%         5

Inventory:

Hand Weapons
 e - a +0 whip
 Y - a +1 war axe (weapon)
Armour
 b - a +0 leather armour (worn)
Jewellery
 a - an amulet of guardian spirit
Scrolls
 i - 2 scrolls of identify
Potions
 c - a potion of curing {unknown}
 d - a potion of haste {unknown}
 f - a potion of might {unknown}
 g - a potion of mutation {unknown}
 h - a potion of degeneration {unknown}

Dungeon Overview and Level Annotations

Branches:
Dungeon (3/15)

Altars:
Okawaru


Message History

The orc priest calls upon Beogh to heal the orc.
The orc's wounds heal themselves!
You barely miss the orc priest. Your kick misses the orc priest.
The orc priest is moderately wounded.
You completely miss the orc. The orc hits you but does no damage.
The orc priest hits you with a +0 falchion.
You closely miss the orc priest.
You peck the orc priest, but do no damage.
The orc priest is moderately wounded.
You completely miss the orc. The orc closely misses you.
The orc priest barely misses you.
You slash the orc priest! Your kick misses the orc priest.
The orc priest is severely wounded.
You hit the orc. The orc hits you with a +0 hand axe.
The orc priest barely misses you.
The orc priest hits you with a +0 falchion!
The orc hits you with a +0 hand axe.
You barely miss the orc priest. Your kick misses the orc priest.
The orc priest is severely wounded.
You hit the orc.
You kill the orc!
Okawaru accepts your kill.
The orc priest miscasts a cantrip.
An orc comes into view. It is wielding a +0 short sword.
You barely miss the orc priest.
The orc priest is severely wounded.
The orc shouts!
The orc priest invokes the aid of Beogh against you.
Pain shoots through your body!
You hit the orc priest but do no damage.
You claw the orc priest, but do no damage.
The orc priest is severely wounded.
An orc comes into view. It is wielding a +0 trident.
The orc priest hits you with a +0 falchion.
You barely miss the orc priest. Your kick misses the orc priest.
The orc priest is severely wounded.
The orc priest invokes the aid of Beogh against you.
Pain shoots through your body!
You die...

#.......)# #.# #.#..
#........###.# #.).#
#............#####..##
#####'##.....+......#
#####.##.....######'## ###
#<....##.....###......
....####..##..............
###....#..#######.##......
......[.)@# #.########
.#####..#o# #.# .....o.#
#.# #.####o### #.# ... ...
..#. ### ##. o #. .#


You could see an orc priest and 2 orcs.

Vanquished Creatures
  4 adders
  2 worms
  A dart slug (D:3)
  2 orcs (D:3)
  9 ball pythons
  4 bats
  5 endoplasms (D:1)
  2 giant cockroaches
  6 goblins
  7 hobgoblins
  3 jackals (D:1)
  A quokka (D:1)
  3 frilled lizards
  5 kobolds
  3 rats
57 creatures vanquished.

Vanquished Creatures (others)
  13 plants (D:2)
13 creatures vanquished.

Grand Total: 70 creatures vanquished

Notes
Turn   | Place    | Note
-------+----------+-------------------------------------------
     0 | D:1      | qw the Tengu Warper began the quest for the Orb.
     0 | D:1      | Reached XP level 1. HP: 12/12 MP: 4/4
     0 | D:1      | 0 ||| qw: Version: 0.1-a-89-g26bdef1
     0 | D:1      | 0 ||| qw: Game counter: 241
     0 | D:1      | 0 ||| qw: Always use a shield: true
     0 | D:1      | 0 ||| qw: God list: Okawaru
     0 | D:1      | 0 ||| qw: Allow faded altars: false
     0 | D:1      | 0 ||| qw: Do Orc after D:15 true
     0 | D:1      | 0 ||| qw: Do second Lair branch before Depths: true
     0 | D:1      | 0 ||| qw: Lair rune preference: random
     0 | D:1      | 0 ||| qw: Plans: Normal
     0 | D:1      | 0 ||| PLANNING D:1-11
     8 | D:1      | Noticed a hog
     8 | D:1      | Noticed a redback
     8 | D:1      | Noticed a swamp worm
     9 | D:1      | Noticed a polar bear
     9 | D:1      | Noticed a komodo dragon
    93 | D:1      | Reached XP level 2. HP: 17/17 MP: 6/6
   113 | D:1      | Reached skill level 3 in Axes
   246 | D:1      | 246 ||| Stepping ~*~*~tactically~*~*~ (stealth).
   516 | D:1      | 516 ||| Stepping ~*~*~tactically~*~*~ (stealth).
   522 | D:1      | 522 ||| Stepping ~*~*~tactically~*~*~ (stealth).
   668 | D:1      | Reached XP level 3. HP: 17/21 MP: 7/7
   740 | D:1      | 740 ||| Stepping ~*~*~tactically~*~*~ (stealth).
   816 | D:1      | Reached skill level 4 in Axes
  1089 | D:1      | 1089 ||| READING 2 scrolls labelled FOGHYL HUEDY.
  1090 | D:1      | 1090 ||| DROPPING scroll of amnesia.
  1091 | D:1      | 1091 ||| DROPPING scroll of blinking.
  1219 | D:2      | 1219 ||| SWAPPING to +0 war axe.
  1230 | D:2      | 1230 ||| DROPPING +0 hand axe.
  1352 | D:2      | Found a faded altar of an unknown god.
  1357 | D:2      | Reached XP level 4. HP: 26/26 MP: 8/8
  1671 | D:2      | 1671 ||| Stepping ~*~*~tactically~*~*~ (stealth).
  1719 | D:2      | 1719 ||| Stepping ~*~*~tactically~*~*~ (stealth).
  1836 | D:2      | Reached skill level 5 in Axes
  2118 | D:2      | 2118 ||| READING scroll labelled XAISTR POATS.
  2119 | D:2      | 2119 ||| READING 2 scrolls labelled RAINWUDULE.
  2120 | D:2      | 2120 ||| READING scroll labelled WAEFAU UGGUSI.
  2368 | D:3      | Found an iron altar of Okawaru.
  2376 | D:3      | Became a worshipper of Warmaster Okawaru
  2580 | D:3      | 2580 ||| Stepping ~*~*~tactically~*~*~ (hiding).
  2582 | D:3      | 2582 ||| Stepping ~*~*~tactically~*~*~ (hiding).
  2590 | D:3      | HP: 4/26 [orc priest/nerve-wracking pain (7)]
  2592 | D:3      | Killed from afar by an orc priest

Levels and vault maps discovered:
D:1:      onia_arrival_zoo_common, layout_loops_ring
D:2:      layout_basic, shapermc_ecumenical_altar_notcrosses, serial_bayou,
          serial_bayou_ford_a, serial_bayou_pond_d, serial_bayou_shore_a,
          serial_bayou_lagoon_b
D:3:      layout_basic, grunt_dithmenos_smoke, okawaru_gym_becter

Skill      XL: |  1  2  3  4 |
---------------+-------------+-----
Axes           | 3 4 5 |  5.4
Fighting       | |  2.0
Throwing       | |  1.0
Armour         | |  1.1
Dodging        | |  2.1
Spellcasting   | |  2.0
Translocations | |  2.4

Action                   |  1- 3 |  4- 6 || total
-------------------------+-------+-------++-------
Melee: Hand axe          |    56 |       ||    56
       Kick              |    14 |    11 ||    25
       Peck              |     7 |     9 ||    16
       War axe           |    17 |    68 ||    85
Throw: Boomerang         |     7 |       ||     7
  Use: Scroll            |     1 |     3 ||     4
Armor: Leather armour    |    16 |    13 ||    29
Dodge: Dodged            |    34 |    40 ||    74

Table legend:
 A = Non-vault XP
 B = Vault XP
 C = Vault XP percentage of total XP
 D = Non-vault monster count
 E = Vault monster count
 F = Vault count percentage of total count
                 A         B        C        D         E       F
            +---------+---------+-------+---------+---------+-------
      Total |     155 |       0 |   0.0 |      57 |       0 |   0.0
            +---------+---------+-------+---------+---------+-------
        D:1 |      48 |       0 |   0.0 |      29 |       0 |   0.0
        D:2 |      70 |       0 |   0.0 |      19 |       0 |   0.0
        D:3 |      37 |       0 |   0.0 |       9 |       0 |   0.0
            +---------+---------+-------+---------+---------+-------
